 Dungeon Crawl Stone Soup version 0.23.2-40-g277498a001 (webtiles) character file.

Game seed: 17639496475645487436

37 Descartes the Vexing (level 3, -1/15 HPs)
             Began as a Felid Enchanter on Sept 7, 2019.
             Slain by an adder (3 damage)
             ... on level 2 of the Dungeon.
             The game lasted 00:06:02 (2087 turns).

Descartes the Vexing (Felid Enchanter)              Turns: 2087, Time: 00:06:03

Health: -1/15      AC:  1    Str:  5    XL:     3   Next: 23%
Magic:  4/7        EV: 18    Int: 16    God:
Gold:   97         SH:  0    Dex: 18    Spells: 0/6 levels left
                                        Lives:  0   Deaths: 0

rFire    . . .     SeeInvis +     - Unarmed
rCold    . . .     Gourm    .   (shield unavailable)
rNeg     . . .     Faith    .   (armour unavailable)
rPois    .         Spirit   .   (helmet unavailable)
rElec    .         Reflect  .   (cloak unavailable)
rCorr    .         Harm     .   (gloves unavailable)
MR       .....                  (boots unavailable)
Stlth    +++.......             (no amulet)
HPRegen  0.05/turn              h - +2 ring of dexterity
MPRegen  0.10/turn              (no ring)

@: lethally poisoned (-1 -> -8), quick
A: very small, no armour, no weapons or thrown items, stealth, claws 1, fangs 3,
see invisible, carnivore, speed 1, shaggy fur 1, slow metabolism 1, sharp paws
a: no special abilities


You were on level 2 of the Dungeon.
You were completely stuffed.

You visited 1 branch of the dungeon, and saw 2 of its levels.

You collected 97 gold pieces.

Inventory:

Missiles
 e - 58 stones
Jewellery
 h - a +2 ring of dexterity (left paw)
Scrolls
 a - a scroll of amnesia {unknown}
 c - a scroll of magic mapping {unknown}
 d - 3 scrolls of identify {unknown}
 g - a scroll of immolation {unknown}
 i - a scroll of fog {unknown}
Potions
 f - 3 potions of mutation {unknown}
 j - a potion of curing {unknown}
 k - a potion of degeneration {unknown}
Comestibles
 b - 7 rations


   Skills:
 + Level 0.6 Fighting
 + Level 3.1 Dodging
 * Level 4.6 Stealth
 + Level 1.3 Unarmed Combat
 * Level 2.3 Spellcasting
 * Level 0.0 Conjurations
 * Level 4.8 Hexes
 * Level 0.0 Ice Magic


You couldn't memorise any spells.
You knew the following spells:

 Your Spells              Type           Power        Failure   Level  Hunger
a - Corona                Hex            ###....      2%          1    #......
b - Ensorcelled Hibernat  Hex/Ice        #.....       11%         2    ###....
c - Dazzling Spray        Conj/Hex       #.....       22%         3    ###....

Your spell library contained the following spells:

 Spells                   Type           Power        Failure   Level  Hunger
 Confuse                  Hex            ###.....     9%          3    ###....
 Tukima's Dance           Hex            ###.....     9%          3    ###....


Dungeon Overview and Level Annotations

Branches:
Dungeon (2/15)

Altars:


Innate Abilities, Weirdness & Mutations

You cannot wear armour.
You are incapable of wielding weapons or throwing items.
Your paws allow you to move quietly. (Stealth)
You have sharp claws.
You have razor-sharp teeth.
You have supernaturally acute eyesight. (SInv)
You are carnivorous and can eat meat at any time.
You cover ground quickly.
You are covered in fur. (AC +1)
You have a slow metabolism.
Your sharp claws are effective at attacking unaware monsters.


Message History

Aim: an adder (softly glowing, chance to defeat MR: 50%)
The adder resists with some effort.
The adder closely misses you.
You scratch the adder but do no damage.
The adder stops glowing.
The adder bites you.
You are poisoned.
The adder poisons you!
You scratch the adder.
The adder is lightly wounded.
You feel sick. The adder barely misses you.
You closely miss the adder.
The adder is lightly wounded.
The adder misses you. The adder bites you.
* * * LOW HITPOINT WARNING * * *
You are more poisoned.
The adder poisons you!
You barely miss the adder.
The adder is lightly wounded.
* * * LOW HITPOINT WARNING * * *
You feel sick. The adder bites you.
You die...

###.#### #......#
#.#.##.# #.#.# # ####
#.#.# # #...#. #.#.#
.# ### #$.....
#.#.##.###.###.......
#......##.#.#..?.....
##...###.#.#.@S......
#...##.#.#.#......>.
#......>#.#.........
########.#.###.<...#
##.## #...## ### ####


You could see an adder.

Vanquished Creatures
  3 worms (D:2)
  A ball python (D:1)
  4 bats
  2 giant cockroaches (D:1)
  3 goblins
  2 hobgoblins
  2 jackals (D:1)
  A quokka (D:2)
  4 frilled lizards (D:1)
  2 kobolds (D:1)
  4 rats (D:1)
28 creatures vanquished.

Notes
Turn   | Place    | Note
-------+----------+-------------------------------------------
     0 | D:1      | Descartes the Felid Enchanter began the quest for the Orb.
     0 | D:1      | Reached XP level 1. HP: 7/7 MP: 4/4
   311 | D:1      | Reached XP level 2. HP: 11/11 MP: 6/6
  1447 | D:2      | Reached XP level 3. HP: 8/15 MP: 4/7
  1796 | D:2      | Learned a level 2 spell: Ensorcelled Hibernation
  1800 | D:2      | Learned a level 3 spell: Dazzling Spray
  2087 | D:2      | Slain by an adder

Skill      XL: |  1  2 |
---------------+-------+-----
Dodging        | 3 |  3.1
Fighting       | |  0.6
Stealth        | |  4.6
Unarmed Combat | |  1.3
Spellcasting   | |  2.3
Hexes          | |  4.8

Action                   || total
-------------------------++-------
Melee: Unarmed           ||   111
       Bite              ||     9
 Cast: Corona            ||    19
       Ensorcelled Hiber ||     1
 Stab: Sleeping          ||    10
  Eat: Chunk             ||    10
Armor: Skin              ||     7
Dodge: Dodged            ||    74
